 Dungeon Crawl Stone Soup version 0.17.2-2-g6415ff710d (webtiles) character file.

20 Goblin1989 the Charlatan (level 2, 0/21 HPs)
             Began as a Demonspawn Artificer on Apr 21, 2020.
             Slain by a hobgoblin (4 damage)
             ... on level 2 of the Dungeon.
             The game lasted 00:01:39 (556 turns).

Goblin1989 the Charlatan (Demonspawn Artificer)      Turns: 556, Time: 00:01:39

Health: 0/21       AC:  3    Str: 11    XL:     2   Next: 58%
Magic:  4/4        EV: 12    Int: 13    God:
Gold:   83         SH:  0    Dex: 13    Spells: 0 memorised, 1 level left

rFire  . . .     SeeInvis .     a - +0 short sword
rCold  . . .     Clarity  .     b - +0 leather armour
rNeg   . . .     SustAt   .     (no shield)
rPois  .         Gourm    .     (no helmet)
rElec  .         Spirit   .     (no cloak)
rCorr  .         Warding  .     (no gloves)
rMut   .         Stasis   .     (no boots)
MR     .....                    (no amulet)
Stlth  +.........               (no ring)
                                (no ring)

@: not resistant to hostile enchantments, very unstealthy
A: claws 1
a: no special abilities


You were on level 2 of the Dungeon.
You were not hungry.

You visited 1 branch of the dungeon, and saw 2 of its levels.

You collected 83 gold pieces.

Inventory:

Hand Weapons
 a - a +0 short sword (weapon)
Armour
 b - a +0 leather armour (worn)
Jewellery
 d - an uncursed ring of protection from cold {unknown}
 l - an uncursed ring of flight {unknown}
Wands
 c - a wand of flame (15)
 f - a wand of random effects (15)
 E - a wand of enslavement (15)
Scrolls
 h - a scroll of fog {unknown}
 i - 2 scrolls of recharging {unknown}
 j - a scroll of magic mapping {unknown}
 k - a scroll of amnesia {unknown}
Potions
 g - a potion of heal wounds {unknown}
Comestibles
 e - 2 bread rations {@e1}


   Skills:
 + Level 1.6 Fighting
 - Level 1.5 Short Blades
 + Level 2.1 Dodging
 - Level 0.8 Stealth
 * Level 0.3 Unarmed Combat
 - Level 3.0 Evocations


You had one spell level left.
You didn't know any spells.

Dungeon Overview and Level Annotations

Branches:
Dungeon (2/15)

Altars:


Innate Abilities, Weirdness & Mutations

You have sharp fingernails.


Message History

The giant newt is heavily wounded.
The giant newt bites you.
You take 1 damage, and have 13/21 hp.
You hit the giant newt.
You kill the giant newt!
No target in view!
No target in view!
No target in view!
No target in view!
No target in view!
No target in view!
No target in view!
No target in view!
No target in view!
No target in view!
No target in view!
No target in view!
No target in view!
You see here a ring mail.
Key pressed, stopping explore.
Things that are here:
a dagger; a kobold corpse; a jackal corpse
Things that are here:
a dagger; a kobold corpse; a jackal corpse You see here a stone.
k - a scroll labeled XIDEXZ PITON You regained 5 hp, and now have 18/21 hp.
A rat comes into view.
The rat bites you.
You take 1 damage, and have 18/21 hp.
You hit the rat.
You kill the rat!
No target in view!
l - an encrusted marble ring You see here a rat corpse.
You fall through a shaft!
The shaft crumbles and collapses.
A quokka and a hobgoblin come into view.
The hobgoblin shouts!
Unknown command.
The quokka barely misses you.
You hit the quokka.
The quokka is severely wounded.
The quokka closely misses you.
You closely miss the quokka.
The quokka is severely wounded.
The quokka closely misses you.
You barely miss the quokka.
The quokka is severely wounded.
The quokka bites you but does no damage.
You hit the quokka but do no damage.
The quokka is severely wounded.
The quokka bites you. The quokka barely misses you.
You take 3 damage, and have 16/21 hp.
You hit the quokka.
The quokka is almost dead.
The hobgoblin hits you. The quokka barely misses you.
You take 3 damage, and have 13/21 hp.
You miss the quokka.
The quokka is almost dead.
The hobgoblin hits you but does no damage.
The quokka bites you.
You take 2 damage, and have 11/21 hp.
You are too injured to fight recklessly!
You are too injured to fight recklessly!
You are too injured to fight recklessly!
You are too injured to fight recklessly!
You are too injured to fight recklessly!
You are too injured to fight recklessly!
You are too injured to fight recklessly!
You are too injured to fight recklessly!
You are too injured to fight recklessly!
You are too injured to fight recklessly!
You are too injured to fight recklessly!
You are too injured to fight recklessly!
You are too injured to fight recklessly!
You are too injured to fight recklessly!
You are too injured to fight recklessly!
You are too injured to fight recklessly!
You are too injured to fight recklessly!
You are too injured to fight recklessly!
You are too injured to fight recklessly!
You are too injured to fight recklessly!
You are too injured to fight recklessly!
You are too injured to fight recklessly!
You are too injured to fight recklessly!
You barely miss the quokka.
The quokka is almost dead.
The hobgoblin barely misses you. The quokka barely misses you.
You hit the quokka but do no damage.
The quokka is almost dead.
The quokka bites you.
* * * LOW HITPOINT WARNING * * *
The hobgoblin barely misses you. The quokka bites you.
* * * LOW HITPOINT WARNING * * *
You take 7 damage, and have 4/21 hp.
O_OOPS!!
MASSIVE DAMAGE!!
You hit the quokka.
You kill the quokka!
The hobgoblin hits you.
You die... ███████

█.....█
█.@...█
█.g†..█
█.....█
█.....█
█.....█
█.....█
.......
.......█


You could see a hobgoblin.

Vanquished Creatures
  A giant cockroach (D:1)
  3 goblins (D:1)
  A hobgoblin (D:1)
  3 jackals (D:1)
  A quokka (D:2)
  2 bats (D:1)
  2 giant newts (D:1)
  3 kobolds (D:1)
  4 rats (D:1)
20 creatures vanquished.

Notes
Turn   | Place    | Note
--------------------------------------------------------------
     0 | D:1      | Goblin1989 the Demonspawn Artificer began the quest for the Orb.
     0 | D:1      | Reached XP level 1. HP: 15/15 MP: 3/3
    17 | D:1      | Reached skill level 1 in Short Blades
   115 | D:1      | Gained mutation: You have sharp fingernails. [demonic ancestry]
   115 | D:1      | Reached XP level 2. HP: 8/21 MP: 4/4
   546 | D:1      | You fall through a shaft!
   556 | D:2      | Slain by a hobgoblin

Action                   || total
-------------------------++-------
Melee: Short sword       ||    97

Vault maps used:
D:1:      minmay_arrival_stone_box
D:2:      fiery_altar_vehumet, minmay_misc_feat_encased
